Workbook
Name Text104: 'Innovation funding'!$D$27
Name Text104: 'Investment project'!#REF!
Name Text104: 'Long-term business partnership'!$D$27
Name Text104: 'Piloting w. international org.'!$D$27
Name Text104: 'Support function project'!$D$26
Name Text65: 'Innovation funding'!#REF!
Name Text65: 'Investment project'!#REF!
Name Text65: 'Long-term business partnership'!#REF!
Name Text65: 'Piloting w. international org.'!#REF!
Name Text65: 'Support function project'!#REF!
Name Text66: 'Innovation funding'!#REF!
Name Text66: 'Investment project'!#REF!
Name Text66: 'Long-term business partnership'!#REF!
Name Text66: 'Piloting w. international org.'!#REF!
Name Text66: 'Support function project'!#REF!
Name Text67: 'Innovation funding'!#REF!
Name Text67: 'Investment project'!#REF!
Name Text67: 'Long-term business partnership'!#REF!
Name Text67: 'Piloting w. international org.'!#REF!
Name Text67: 'Support function project'!#REF!
Name Text68: 'Innovation funding'!#REF!
Name Text68: 'Investment project'!#REF!
Name Text68: 'Long-term business partnership'!#REF!
Name Text68: 'Piloting w. international org.'!#REF!
Name Text68: 'Support function project'!#REF!
Name Text69: 'Innovation funding'!#REF!
Name Text69: 'Investment project'!#REF!
Name Text69: 'Long-term business partnership'!#REF!
Name Text69: 'Piloting w. international org.'!#REF!
Name Text69: 'Support function project'!#REF!
Name Text70: 'Innovation funding'!#REF!
Name Text70: 'Investment project'!#REF!
Name Text70: 'Long-term business partnership'!#REF!
Name Text70: 'Piloting w. international org.'!#REF!
Name Text70: 'Support function project'!#REF!
Name Text71: 'Innovation funding'!#REF!
Name Text71: 'Investment project'!#REF!
Name Text71: 'Long-term business partnership'!#REF!
Name Text71: 'Piloting w. international org.'!#REF!
Name Text71: 'Support function project'!#REF!
Name Text72: 'Innovation funding'!#REF!
Name Text72: 'Investment project'!#REF!
Name Text72: 'Long-term business partnership'!#REF!
Name Text72: 'Piloting w. international org.'!#REF!
Name Text72: 'Support function project'!#REF!
Name Text73: 'Innovation funding'!#REF!
Name Text73: 'Investment project'!#REF!
Name Text73: 'Long-term business partnership'!#REF!
Name Text73: 'Piloting w. international org.'!#REF!
Name Text73: 'Support function project'!#REF!
Name Text74: 'Innovation funding'!#REF!
Name Text74: 'Investment project'!#REF!
Name Text74: 'Long-term business partnership'!#REF!
Name Text74: 'Piloting w. international org.'!#REF!
Name Text74: 'Support function project'!#REF!
Name Text75: 'Innovation funding'!#REF!
Name Text75: 'Investment project'!#REF!
Name Text75: 'Long-term business partnership'!#REF!
Name Text75: 'Piloting w. international org.'!#REF!
Name Text75: 'Support function project'!#REF!

Sheet Summary
C10: Company / Organisation full legal name: | H10: Contact person name:
C11: Company address: | H11: Contact person telephone number:
C12: Company city and country: | H12: Contact person email address:
C14: Project name:
C15: Application date:
C17: SUMMARY OF EXPENSES
C19: This page will be filled in automatically. However, please fill in the expense coverage percentage (marked in yellow).
C20: A. Expenses by category | I20: euros | J20: % | K20: units
C21: Travel expenses
D22: Air transportation | I22: =+SUM('Long-term business partnership'!K26,'Long-term business partnership'!K106,'Long-term business partnership'!K186,'Long-term business partnership'!K266,'Long-term business partnership'!K348,'Long-term business partnership'!K429,'Long-term business partnership'!K511,'Piloting w. international org.'!K26,'Piloting w. international org.'!K106,'Piloting w. international org.'!K186,'Piloting w. international org.'!K266,'Piloting w. international org.'!K348,'Investment project'!K27,'Investment project'!K107,'Support function project'!K25,'Innovation funding'!K26,'Innovation funding'!K106,'Innovation funding'!K186,'Innovation funding'!K266,'Innovation funding'!K348) -> 0 | J22: =IF(I22=0,"-",I22/$I$37) -> -
D23: Other transportation | I23: =+SUM('Long-term business partnership'!K35,'Long-term business partnership'!K115,'Long-term business partnership'!K195,'Long-term business partnership'!K275,'Long-term business partnership'!K357,'Long-term business partnership'!K438,'Long-term business partnership'!K520,'Piloting w. international org.'!K35,'Piloting w. international org.'!K115,'Piloting w. international org.'!K195,'Piloting w. international org.'!K275,'Piloting w. international org.'!K357,'Investment project'!K36,'Investment project'!K116,'Support function project'!K34,'Innovation funding'!K35,'Innovation funding'!K115,'Innovation funding'!K195,'Innovation funding'!K275,'Innovation funding'!K357) -> 0 | J23: =IF(I23=0,"-",I23/$I$37) -> -
D24: Total travel expenses | I24: =+SUM(I22,I23) -> 0 | J24: =IF(I24=0,"-",I24/$I$37) -> -
C26: Accommodation and daily allowance expenses
D27: Hotel accommodation | I27: =+SUM('Long-term business partnership'!K47,'Long-term business partnership'!K127,'Long-term business partnership'!K207,'Long-term business partnership'!K287,'Long-term business partnership'!K369,'Long-term business partnership'!K450,'Long-term business partnership'!K532,'Piloting w. international org.'!K47,'Piloting w. international org.'!K127,'Piloting w. international org.'!K207,'Piloting w. international org.'!K287,'Piloting w. international org.'!K369,'Investment project'!K48,'Investment project'!K128,'Support function project'!K46,'Innovation funding'!K47,'Innovation funding'!K127,'Innovation funding'!K207,'Innovation funding'!K287,'Innovation funding'!K369) -> 0 | J27: =IF(I27=0,"-",I27/$I$37) -> - | K27: =+SUM('Long-term business partnership'!J39:J46,'Long-term business partnership'!J119:J126,'Long-term business partnership'!J199:J206,'Long-term business partnership'!J279:J286,'Long-term business partnership'!J361:J368,'Long-term business partnership'!J442:J449,'Long-term business partnership'!J524:J531)+SUM('Piloting w. international org.'!J39:J46,'Piloting w. international org.'!J119:J126,'Piloting w. international org.'!J199:J206,'Piloting w. international org.'!J279:J286,'Piloting w. international org.'!J361:J368)+SUM('Investment project'!J40:J47,'Investment project'!J120:J127)+SUM('Support function project'!J38:J45) -> 0
D28: Daily allowances | I28: =+SUM('Long-term business partnership'!K56,'Long-term business partnership'!K136,'Long-term business partnership'!K216,'Long-term business partnership'!K296,'Long-term business partnership'!K378,'Long-term business partnership'!K459,'Long-term business partnership'!K541,'Piloting w. international org.'!K56,'Piloting w. international org.'!K136,'Piloting w. international org.'!K216,'Piloting w. international org.'!K296,'Piloting w. international org.'!K378,'Investment project'!K57,'Investment project'!K137,'Support function project'!K55,'Innovation funding'!K56,'Innovation funding'!K136,'Innovation funding'!K216,'Innovation funding'!K296,'Innovation funding'!K378) -> 0 | J28: =IF(I28=0,"-",I28/$I$37) -> - | K28: =+SUM('Long-term business partnership'!J48:J55,'Long-term business partnership'!J128:J135,'Long-term business partnership'!J208:J215,'Long-term business partnership'!J288:J295,'Long-term business partnership'!J370:J377,'Long-term business partnership'!J451:J458,'Long-term business partnership'!J533:J540)+SUM('Piloting w. international org.'!J48:J55,'Piloting w. international org.'!J128:J135,'Piloting w. international org.'!J208:J215,'Piloting w. international org.'!J288:J295,'Piloting w. international org.'!J370:J377)+SUM('Investment project'!J49:J56,'Investment project'!J129:J136)+SUM('Support function project'!J47:J54) -> 0
D29: Total accommodation and daily expenses | I29: =+SUM(I27,I28) -> 0 | J29: =IF(I29=0,"-",I29/$I$37) -> - | K29: =+SUM(K27,K28) -> 0
C31: Expert expenses
D32: Company employees / experts | I32: =+SUM('Long-term business partnership'!K68,'Long-term business partnership'!K148,'Long-term business partnership'!K228,'Long-term business partnership'!K308,'Long-term business partnership'!K390,'Long-term business partnership'!K471,'Long-term business partnership'!K553,'Piloting w. international org.'!K68,'Piloting w. international org.'!K148,'Piloting w. international org.'!K228,'Piloting w. international org.'!K308,'Piloting w. international org.'!K390,'Investment project'!K69,'Investment project'!K149,'Support function project'!K67,'Innovation funding'!K68,'Innovation funding'!K148,'Innovation funding'!K228,'Innovation funding'!K308,'Innovation funding'!K390) -> 0 | J32: =IF(I32=0,"-",I32/$I$37) -> - | K32: =+SUM('Long-term business partnership'!J60:J67,'Long-term business partnership'!J140:J147,'Long-term business partnership'!J220:J227,'Long-term business partnership'!J300:J307,'Long-term business partnership'!J382:J389,'Long-term business partnership'!J463:J470,'Long-term business partnership'!J545:J552)+SUM('Piloting w. international org.'!J60:J67,'Piloting w. international org.'!J140:J147,'Piloting w. international org.'!J220:J227,'Piloting w. international org.'!J300:J307,'Piloting w. international org.'!J382:J389)+SUM('Investment project'!J61:J68,'Investment project'!J141:J148)+SUM('Support function project'!J59:J66) -> 0
D33: External experts | I33: =+SUM('Long-term business partnership'!K77,'Long-term business partnership'!K157,'Long-term business partnership'!K237,'Long-term business partnership'!K317,'Long-term business partnership'!K399,'Long-term business partnership'!K480,'Long-term business partnership'!K562,'Piloting w. international org.'!K77,'Piloting w. international org.'!K157,'Piloting w. international org.'!K237,'Piloting w. international org.'!K317,'Piloting w. international org.'!K399,'Investment project'!K78,'Investment project'!K158,'Support function project'!K76,'Innovation funding'!K77,'Innovation funding'!K157,'Innovation funding'!K237,'Innovation funding'!K317,'Innovation funding'!K399) -> 0 | J33: =IF(I33=0,"-",I33/$I$37) -> - | K33: =+SUM('Long-term business partnership'!J69:J76,'Long-term business partnership'!J149:J156,'Long-term business partnership'!J229:J236,'Long-term business partnership'!J309:J316,'Long-term business partnership'!J391:J398,'Long-term business partnership'!J472:J479,'Long-term business partnership'!J554:J561)+SUM('Piloting w. international org.'!J69:J76,'Piloting w. international org.'!J149:J156,'Piloting w. international org.'!J229:J236,'Piloting w. international org.'!J309:J316,'Piloting w. international org.'!J391:J398)+SUM('Investment project'!J70:J77,'Investment project'!J150:J157)+SUM('Support function project'!J68:J75) -> 0
D34: Total expert expenses | I34: =+SUM(I32,I33) -> 0 | J34: =IF(I34=0,"-",I34/$I$37) -> - | K34: =+SUM(K32,K33) -> 0
C36: Other expenses | I36: =+SUM('Long-term business partnership'!K91,'Long-term business partnership'!K171,'Long-term business partnership'!K251,'Long-term business partnership'!K331,'Long-term business partnership'!K412,'Long-term business partnership'!K494,'Long-term business partnership'!K576,'Piloting w. international org.'!K91,'Piloting w. international org.'!K171,'Piloting w. international org.'!K251,'Piloting w. international org.'!K331,'Piloting w. international org.'!K412,'Investment project'!K92,'Investment project'!K172,'Support function project'!K90,'Innovation funding'!K91,'Innovation funding'!K171,'Innovation funding'!K251,'Innovation funding'!K331,'Innovation funding'!K412) -> 0 | J36: =IF(I36=0,"-",I36/$I$37) -> - | K36: =+SUM('Long-term business partnership'!J83:J90,'Long-term business partnership'!J163:J170,'Long-term business partnership'!J243:J250,'Long-term business partnership'!J323:J330,'Long-term business partnership'!J404:J411,'Long-term business partnership'!J486:J493,'Long-term business partnership'!J568:J575)+SUM('Piloting w. international org.'!J83:J90,'Piloting w. international org.'!J163:J170,'Piloting w. international org.'!J243:J250,'Piloting w. international org.'!J323:J330,'Piloting w. international org.'!J404:J411)+SUM('Investment project'!J84:J91,'Investment project'!J164:J171)+SUM('Support function project'!J82:J89) -> 0
H37: Total expenses | I37: =+SUM(I24,I29,I34,I36) -> 0 | J37: =IF(I37=0,"-",I37/$I$37) -> -
C39: B. Expenses by project phase
C40: 1. Project phase: Partner identification | I40: =+SUM('Long-term business partnership'!K94,'Piloting w. international org.'!K94,'Innovation funding'!K94) -> 0 | J40: =IF(I40=0,"-",I40/$I$37) -> -
C41: 2. Project phase: Feasibility study | I41: =+SUM('Long-term business partnership'!K174,'Piloting w. international org.'!K174,'Investment project'!K95,'Innovation funding'!K174) -> 0 | J41: =IF(I41=0,"-",I41/$I$37) -> -
C42: 3. Project phase: Business plan development | I42: =+SUM('Long-term business partnership'!K254,'Piloting w. international org.'!K254,'Innovation funding'!K254) -> 0 | J42: =IF(I42=0,"-",I42/$I$37) -> -
C43: 4. Project phase: Environmental and social impact assessment | I43: =+SUM('Long-term business partnership'!K334,'Piloting w. international org.'!K334,'Investment project'!K175,'Innovation funding'!K334) -> 0 | J43: =IF(I43=0,"-",I43/$I$37) -> -
C44: 5. Project phase: Piloting of technology and solutions, and demonstrations | I44: =+SUM('Long-term business partnership'!K415,'Piloting w. international org.'!K415,'Innovation funding'!K415) -> 0 | J44: =IF(I44=0,"-",I44/$I$37) -> -
C45: 6. Project phase: Training of local staff | I45: ='Long-term business partnership'!K497 -> 0 | J45: =IF(I45=0,"-",I45/$I$37) -> -
C46: 7. Project phase: Development of existing business in project country | I46: ='Long-term business partnership'!K579 -> 0 | J46: =IF(I46=0,"-",I46/$I$37) -> -
C48: Support function projects | I48: ='Support function project'!K93 -> 0 | J48: =IF(I48=0,"-",I48/$I$37) -> -
H49: Total expenses | I49: =+SUM(I40,I41,I42,I43,I44,I45,I46,I48) -> 0 | J49: =IF(I49=0,"-",I49/$I$37) -> -
C53: Business Partnership Support coverage
C55: Total expenses | I55: =I49 -> 0
C57: Coverage ratio (30-85%) depending on applicant size, target country and project type | I57: 0.7
C59: Aggregate maximum amount to be covered by Business Partnership Support | I59: =I55*I57 -> 0

Sheet Long-term business partnership
C16: 1. Project phase: Partner identification
D17: Travel expenses* | F17: Name of traveller | G17: Date of travel | H17: Method of travel | I17: From (city, country) | J17: To (city, country) | K17: Cost (EUR) | M17: Flights to the target country or another country relevant to the project as well as flights within the target country.
D18: 1.1 Air transportation | E18: 1 | K18: 0 | M18: Only economy class flight tickets are supportable.
E19: =E18+1 -> 2 | K19: 0
E20: =E19+1 -> 3 | K20: 0
E21: 4 | K21: 0
E22: 5 | K22: 0
E23: 6 | K23: 0
E24: 7 | K24: 0
E25: 8 | K25: 0
J26: Sub-total | K26: =SUM(K18:K25) -> 0
D27: 1.2 Other transport | E27: 1 | K27: 0 | M27: E.g. train, bus, ferry, taxi fees in the target country or rental car in the target country.
D28: No use of own car | E28: =E27+1 -> 2 | K28: 0
E29: =E28+1 -> 3 | K29: 0
E30: 4 | K30: 0
E31: 5 | K31: 0
E32: 6 | K32: 0
E33: 7 | K33: 0
E34: 8 | K34: 0
J35: Sub-total | K35: =SUM(K27:K34) -> 0
D36: *) Travel costs will be reimbursed as per cheapest class/way of travel. | I36: TOTAL TRAVEL EXPENSES | K36: =SUM(K26,K35) -> 0
D38: Accommodation and daily allowance expenses* | F38: Name of claimant | G38: Date(s) | H38: City and country | I38: Cost per day (EUR) | J38: Number of days | K38: Cost (EUR) | M38: Hotel accommodation expenses and daily allowances can be supported according to the Terms of Travelling expenses of the Government.
D39: 1.3 Accommodation | E39: 1 | K39: =I39*J39 -> 0
D40: E.g. hotel. | E40: =E39+1 -> 2 | K40: =I40*J40 -> 0
E41: =E40+1 -> 3 | K41: =I41*J41 -> 0
E42: =E41+1 -> 4 | K42: =I42*J42 -> 0
E43: =E42+1 -> 5 | K43: =I43*J43 -> 0
E44: 6 | K44: =I44*J44 -> 0
E45: 7 | K45: =I45*J45 -> 0
E46: 8 | K46: =I46*J46 -> 0
J47: Sub-total | K47: =SUM(K39:K46) -> 0
D48: 1.4 Daily allowance | E48: 1 | K48: =I48*J48 -> 0
E49: =E48+1 -> 2 | K49: =I49*J49 -> 0
E50: =E49+1 -> 3 | K50: =I50*J50 -> 0
E51: =E50+1 -> 4 | K51: =I51*J51 -> 0
E52: =E51+1 -> 5 | K52: =I52*J52 -> 0
E53: 6 | K53: =I53*J53 -> 0
E54: 7 | K54: =I54*J54 -> 0
E55: 8 | K55: =I55*J55 -> 0
J56: Sub-total | K56: =SUM(K48:K55) -> 0
D57: *) Accommodation and daily allowance costs will be reimbursed according to the effective State Travelling Regulations. | I57: TOTAL ACCOMMODATION EXPENSES | K57: =SUM(K56,K47) -> 0
D59: Expert expenses | F59: Name of expert | G59: Date(s) | H59: Action or objective | I59: Fee per day (EUR) | J59: Number of days | K59: Cost (EUR) | M59: NB! Company employees' working expenses are eligible only when working in the target country or in Finland, or in some exceptions in another country relevant to the project.
D60: 1.5 Company employees / experts * | E60: 1 | K60: =SUM(I60*J60) -> 0 | M60: Own personnel's working expense/day is calculated from the monthly regular salary shown in the employee’s valid employment contract and paycheck as follows:
D61: Max 500 € / day | E61: =E60+1 -> 2 | K61: =SUM(I61*J61) -> 0 | M61: (monthly salary + employer contributions + provision for holiday pay) / 21 (21 being the average number of working days in a month).
E62: =E61+1 -> 3 | K62: =SUM(I62*J62) -> 0 | M62: As the divisor is 21, only work done in the project country during weekdays (Mon-Fri) can be approved.
E63: =E62+1 -> 4 | K63: =SUM(I63*J63) -> 0
E64: =E63+1 -> 5 | K64: =SUM(I64*J64) -> 0
E65: 6 | K65: =SUM(I65*J65) -> 0
E66: 7 | K66: =SUM(I66*J66) -> 0
E67: 8 | K67: =SUM(I67*J67) -> 0
J68: Sub-total | K68: =SUM(K60:K67) -> 0
D69: 1.6 External expert | E69: 1 | K69: =I69*J69 -> 0 | M69: E.g. consultancy related to target country and project expertise, legal issues, interpretation and translation fees.
D70: Junior expert max 520 € / day | E70: =E69+1 -> 2 | K70: =I70*J70 -> 0 | M70: Work done by an external expert must be specified in the reimbursement request phase, as per the instructions for completing the reimbursement request.
D71: Senior expert max 910 € / day | E71: =E70+1 -> 3 | K71: =I71*J71 -> 0 | M71: The work of an external (senior) expert can be supported up to 910 €/day (or equivalently 113,75 €/hour).
E72: =E71+1 -> 4 | K72: =I72*J72 -> 0 | M72: All costs must be compatible with the criteria for the business partnership support.
E73: =E72+1 -> 5 | K73: =I73*J73 -> 0
E74: 6 | K74: =I74*J74 -> 0
E75: 7 | K75: =I75*J75 -> 0
E76: 8 | K76: =I76*J76 -> 0
J77: Sub-total | K77: =SUM(K69:K76) -> 0
D78: *) Working days incurred by applicant's employee in the target country or another country relevant to the project (Note! Weekdays only, i.e. Mon to Fri). | I78: TOTAL EXPERT EXPENSES | K78: =+SUM(K77,K68) -> 0
D79: Working expense/day for the applicant's own emloyees is calculated from the salary based in the employee's valid employment contract and paycheck as follows:
D80: (monthly salary + employer contributions + provision for holiday pay) / 21 (21 being the average number of working days in a month).
D82: Other valid expenses* | F82: Action or objective (please specify!) | I82: Cost per day (EUR) | J82: Number of days | K82: Cost (EUR) | M82: E.g. Project audit costs, road tolls, visa fees, payments to the public authorities, vaccinations and other medical expenses that are necessary considering the target country conditions (malaria, typhoid etc.).
E83: 1 | K83: =I83*J83 -> 0
E84: =E83+1 -> 2 | K84: =I84*J84 -> 0
E85: =E84+1 -> 3 | K85: =I85*J85 -> 0
E86: 4 | K86: =I86*J86 -> 0
E87: 5 | K87: =I87*J87 -> 0
E88: 6 | K88: =I88*J88 -> 0
E89: 7 | K89: =I89*J89 -> 0
E90: 8 | K90: =I90*J90 -> 0
D91: *) Please read carefully the instructions on types of acceptable expenses which are available on Finnpartnership's website (terms of facility and FAQ). | I91: TOTAL OTHER EXPENSES | K91: =SUM(K83:K90) -> 0
D94: Total partner identification expenses | K94: =+SUM(K36,K57,K78,K91) -> 0
C96: 2. Project phase: Feasibility study
D97: Travel expenses* | F97: Name of traveller | G97: Date of travel | H97: Method of travel | I97: From (city, country) | J97: To (city, country) | K97: Cost (EUR) | M97: Flights to the target country or another country relevant to the project as well as flights within the target country.
D98: 2.1 Air transportation | E98: 1 | K98: 0 | M98: Only economy class flight tickets are supportable.
E99: =E98+1 -> 2 | K99: 0
E100: 3 | K100: 0
E101: 4 | K101: 0
E102: 5 | K102: 0
E103: 6 | K103: 0
E104: 7 | K104: 0
E105: 8 | K105: 0
J106: Sub-total | K106: =+SUM(K98:K105) -> 0
D107: 2.2 Other transport | E107: 1 | K107: 0 | M107: E.g. train, bus, ferry, taxi fees in the target country or rental car in the target country.
D108: No use of own car | E108: =E107+1 -> 2 | K108: 0
E109: =E108+1 -> 3 | K109: 0
E110: 4 | K110: 0
E111: 5 | K111: 0
E112: 6 | K112: 0
E113: 7 | K113: 0
E114: 8 | K114: 0
J115: Sub-total | K115: =+SUM(K107:K114) -> 0
D116: =D36 -> *) Travel costs will be reimbursed as per cheapest class/way of travel. | I116: =I36 -> TOTAL TRAVEL EXPENSES | K116: =+SUM(K115,K106) -> 0
D118: Accommodation and daily allowance expenses* | F118: Name of claimant | G118: Date(s) | H118: City and country | I118: Cost per day (EUR) | J118: Number of days | K118: Cost (EUR) | M118: Hotel accommodation expenses and daily allowances can be supported according to the Terms of Travelling expenses of the Government.
D119: 2.3 Accommodation | E119: 1 | K119: =I119*J119 -> 0
D120: E.g. hotel. | E120: =E119+1 -> 2 | K120: =I120*J120 -> 0
E121: =E120+1 -> 3 | K121: =I121*J121 -> 0
E122: =E121+1 -> 4 | K122: =I122*J122 -> 0
...

Sheet Piloting w. international org.
C16: 1. Project phase: Partner identification
D17: Travel expenses* | F17: Name of traveller | G17: Date of travel | H17: Method of travel | I17: From (city, country) | J17: To (city, country) | K17: Cost (EUR) | M17: Flights to the target country or another country relevant to the project as well as flights within the target country.
D18: 1.1 Air transportation | E18: 1 | K18: 0 | M18: Only economy class flight tickets are supportable.
E19: =E18+1 -> 2 | K19: 0
E20: =E19+1 -> 3 | K20: 0
E21: 4 | K21: 0
E22: 5 | K22: 0
E23: 6 | K23: 0
E24: 7 | K24: 0
E25: 8 | K25: 0
J26: Sub-total | K26: =SUM(K18:K25) -> 0
D27: 1.2 Public transportation | E27: 1 | K27: 0 | M27: E.g. train, bus, ferry, taxi fees in the target country or rental car in the target country.
D28: No use of own car | E28: =E27+1 -> 2 | K28: 0
E29: =E28+1 -> 3 | K29: 0
E30: 4 | K30: 0
E31: 5 | K31: 0
E32: 6 | K32: 0
E33: 7 | K33: 0
E34: 8 | K34: 0
J35: Sub-total | K35: =SUM(K27:K34) -> 0
D36: *) Travel costs will be reimbursed as per cheapest class/way of travel. | I36: TOTAL TRAVEL EXPENSES | K36: =+SUM(K35,K26) -> 0
D38: Accommodation and daily allowance expenses* | F38: Name of claimant | G38: Date(s) | H38: City and country | I38: Cost per day (EUR) | J38: Number of days | K38: Cost (EUR) | M38: Hotel accommodation expenses and daily allowances can be supported according to the Terms of Travelling expenses of the Government.
D39: 1.3 Accommodation | E39: 1 | K39: =I39*J39 -> 0
D40: E.g. hotel. | E40: =E39+1 -> 2 | K40: =I40*J40 -> 0
E41: =E40+1 -> 3 | K41: =I41*J41 -> 0
E42: =E41+1 -> 4 | K42: =I42*J42 -> 0
E43: =E42+1 -> 5 | K43: =I43*J43 -> 0
E44: 6 | K44: =I44*J44 -> 0
E45: 7 | K45: =I45*J45 -> 0
E46: 8 | K46: =I46*J46 -> 0
J47: Sub-total | K47: =SUM(K39:K46) -> 0
D48: 1.4 Daily allowance | E48: 1 | K48: =I48*J48 -> 0
E49: =E48+1 -> 2 | K49: =I49*J49 -> 0
E50: =E49+1 -> 3 | K50: =I50*J50 -> 0
E51: =E50+1 -> 4 | K51: =I51*J51 -> 0
E52: =E51+1 -> 5 | K52: =I52*J52 -> 0
E53: 6 | K53: =I53*J53 -> 0
E54: 7 | K54: =I54*J54 -> 0
E55: 8 | K55: =I55*J55 -> 0
J56: Sub-total | K56: =SUM(K48:K55) -> 0
D57: *) Accommodation and daily allowance costs will be reimbursed according to the effective State Travelling Regulations. | I57: TOTAL ACCOMMODATION EXPENSES | K57: =+SUM(K56,K47) -> 0
D59: Expert expenses | F59: Name of expert | G59: Date(s) | H59: Action or objective | I59: Fee per day (EUR) | J59: Number of days | K59: Cost (EUR) | M59: NB! Company employees' working expenses are eligible only when working in the target country or in Finland, or in some exceptions in another country relevant to the project.
D60: 1.5 Company employees / experts * | E60: 1 | K60: =SUM(I60*J60) -> 0 | M60: Own personnel's working expense/day is calculated from the monthly regular salary shown in the employee’s valid employment contract and paycheck as follows:
D61: Max 500 € / day | E61: =E60+1 -> 2 | K61: =SUM(I61*J61) -> 0 | M61: (monthly salary + employer contributions + provision for holiday pay) / 21 (21 being the average number of working days in a month).
E62: =E61+1 -> 3 | K62: =SUM(I62*J62) -> 0 | M62: As the divisor is 21, only work done in the project country during weekdays (Mon-Fri) can be approved.
E63: =E62+1 -> 4 | K63: =SUM(I63*J63) -> 0
E64: =E63+1 -> 5 | K64: =SUM(I64*J64) -> 0
E65: 6 | K65: =SUM(I65*J65) -> 0
E66: 7 | K66: =SUM(I66*J66) -> 0
E67: 8 | K67: =SUM(I67*J67) -> 0
J68: Sub-total | K68: =SUM(K60:K67) -> 0
D69: 1.6 External expert | E69: 1 | K69: =I69*J69 -> 0 | M69: E.g. consultancy related to target country and project expertise, legal issues, interpretation and translation fees.
D70: Junior expert max 520 € / day | E70: =E69+1 -> 2 | K70: =I70*J70 -> 0 | M70: Work done by an external expert must be specified in the reimbursement request phase, as per the instructions for completing the reimbursement request.
D71: Senior expert max 910 € / day | E71: =E70+1 -> 3 | K71: =I71*J71 -> 0 | M71: The work of an external (senior) expert can be supported up to 910 €/day (or equivalently 113,75 €/hour).
E72: =E71+1 -> 4 | K72: =I72*J72 -> 0 | M72: All costs must be compatible with the criteria for the business partnership support.
E73: =E72+1 -> 5 | K73: =I73*J73 -> 0
E74: 6 | K74: =I74*J74 -> 0
E75: 7 | K75: =I75*J75 -> 0
E76: 8 | K76: =I76*J76 -> 0
J77: Sub-total | K77: =SUM(K69:K76) -> 0
D78: *) Working days incurred by applicant's employee in the target country or another country relevant to the project (Note! Weekdays only, i.e. Mon to Fri). | I78: TOTAL EXPERT EXPENSES | K78: =+SUM(K77,K68) -> 0
D79: Working expense/day for the applicant's own emloyees is calculated from the salary based in the employee's valid employment contract and paycheck as follows:
D80: (monthly salary + employer contributions + provision for holiday pay) / 21 (21 being the average number of working days in a month).
D82: Other valid expenses* | F82: Action or objective (please specify!) | I82: Cost per day (EUR) | J82: Number of days | K82: Cost (EUR) | M82: E.g. Project audit costs, road tolls, visa fees, payments to the public authorities, vaccinations and other medical expenses that are necessary considering the target country conditions (malaria, typhoid etc.).
E83: 1 | K83: =I83*J83 -> 0
E84: =E83+1 -> 2 | K84: =I84*J84 -> 0
E85: =E84+1 -> 3 | K85: =I85*J85 -> 0
E86: 4 | K86: =I86*J86 -> 0
E87: 5 | K87: =I87*J87 -> 0
E88: 6 | K88: =I88*J88 -> 0
E89: 7 | K89: =I89*J89 -> 0
E90: 8 | K90: =I90*J90 -> 0
D91: *) Please read carefully the instructions on types of acceptable expenses which are available on Finnpartnership's website (terms of facility and FAQ). | I91: TOTAL OTHER EXPENSES | K91: =SUM(K83:K90) -> 0
D94: Total partner identification expenses | K94: =+SUM(K36,K57,K78,K91) -> 0
C96: 2. Project phase: Feasibility study
D97: Travel expenses* | F97: Name of traveller | G97: Date of travel | H97: Method of travel | I97: From (city, country) | J97: To (city, country) | K97: Cost (EUR) | M97: Flights to the target country or another country relevant to the project as well as flights within the target country.
D98: 2.1. Air transportation | E98: 1 | K98: 0 | M98: Only economy class flight tickets are supportable.
E99: =E98+1 -> 2 | K99: 0
E100: 3 | K100: 0
E101: 4 | K101: 0
E102: 5 | K102: 0
E103: 6 | K103: 0
E104: 7 | K104: 0
E105: 8 | K105: 0
J106: Sub-total | K106: =+SUM(K98:K105) -> 0
D107: 2.2. Public transportation | E107: 1 | K107: 0 | M107: E.g. train, bus, ferry, taxi fees in the target country or rental car in the target country.
D108: No use of own car | E108: =E107+1 -> 2 | K108: 0
E109: =E108+1 -> 3 | K109: 0
E110: 4 | K110: 0
E111: 5 | K111: 0
E112: 6 | K112: 0
E113: 7 | K113: 0
E114: 8 | K114: 0
J115: Sub-total | K115: =+SUM(K107:K114) -> 0
D116: =D36 -> *) Travel costs will be reimbursed as per cheapest class/way of travel. | I116: =I36 -> TOTAL TRAVEL EXPENSES | K116: =+SUM(K115,K106) -> 0
D118: Accommodation and daily allowance expenses* | F118: Name of claimant | G118: Date(s) | H118: City and country | I118: Cost per day (EUR) | J118: Number of days | K118: Cost (EUR) | M118: Hotel accommodation expenses and daily allowances can be supported according to the Terms of Travelling expenses of the Government.
D119: 2.3. Accommodation | E119: 1 | K119: =I119*J119 -> 0
D120: =D40 -> E.g. hotel. | E120: =E119+1 -> 2 | K120: =I120*J120 -> 0
E121: =E120+1 -> 3 | K121: =I121*J121 -> 0
E122: =E121+1 -> 4 | K122: =I122*J122 -> 0
...

Sheet Investment project
C17: 2. Project phase: Feasibility study
D18: Travel expenses* | F18: Name of traveller | G18: Date of travel | H18: Method of travel | I18: From (city, country) | J18: To (city, country) | K18: Cost (EUR) | M18: Flights to the target country or another country relevant to the project as well as flights within the target country.
D19: 2.1. Air transportation | E19: 1 | K19: 0 | M19: Only economy class flight tickets are supportable.
E20: =E19+1 -> 2 | K20: 0
E21: 3 | K21: 0
E22: 4 | K22: 0
E23: 5 | K23: 0
E24: 6 | K24: 0
E25: 7 | K25: 0
E26: 8 | K26: 0
J27: Sub-total | K27: =+SUM(K19:K26) -> 0
D28: 2.2. Public transportation | E28: 1 | K28: 0 | M28: E.g. train, bus, ferry, taxi fees in the target country or rental car in the target country.
D29: No use of own car | E29: =E28+1 -> 2 | K29: 0
E30: =E29+1 -> 3 | K30: 0
E31: 4 | K31: 0
E32: 5 | K32: 0
E33: 6 | K33: 0
E34: 7 | K34: 0
E35: 8 | K35: 0
J36: Sub-total | K36: =+SUM(K28:K35) -> 0
D37: *) Travel costs will be reimbursed as per cheapest class/way of travel. | I37: TOTAL TRAVEL EXPENSES | K37: =+SUM(K36,K27) -> 0
D39: Accommodation and daily allowance expenses* | F39: Name of claimant | G39: Date(s) | H39: City and country | I39: Cost per day (EUR) | J39: Number of days | K39: Cost (EUR) | M39: Hotel accommodation expenses and daily allowances can be supported according to the Terms of Travelling expenses of the Government.
D40: 2.3. Accommodation | E40: 1 | K40: =I40*J40 -> 0
D41: E.g. hotel. | E41: =E40+1 -> 2 | K41: =I41*J41 -> 0
E42: =E41+1 -> 3 | K42: =I42*J42 -> 0
E43: =E42+1 -> 4 | K43: =I43*J43 -> 0
E44: =E43+1 -> 5 | K44: =I44*J44 -> 0
E45: =E44+1 -> 6 | K45: =I45*J45 -> 0
E46: =E45+1 -> 7 | K46: =I46*J46 -> 0
E47: =E46+1 -> 8 | K47: =I47*J47 -> 0
J48: Sub-total | K48: =+SUM(K40:K47) -> 0
D49: 2.4. Daily allowance | E49: 1 | K49: =I49*J49 -> 0
E50: =E49+1 -> 2 | K50: =I50*J50 -> 0
E51: =E50+1 -> 3 | K51: =I51*J51 -> 0
E52: =E51+1 -> 4 | K52: =I52*J52 -> 0
E53: =E52+1 -> 5 | K53: =I53*J53 -> 0
E54: =E53+1 -> 6 | K54: =I54*J54 -> 0
E55: =E54+1 -> 7 | K55: =I55*J55 -> 0
E56: =E55+1 -> 8 | K56: =I56*J56 -> 0
J57: Sub-total | K57: =+SUM(K49:K56) -> 0
D58: *) Accommodation and daily allowance costs will be reimbursed according to the effective State Travelling Regulations. | I58: TOTAL ACCOMMODATION EXPENSES | K58: =+SUM(K57,K48) -> 0
D60: Expert expenses | F60: Name of expert | G60: Date(s) | H60: Action or objective | I60: Fee per day (EUR) | J60: Number of days | K60: Cost (EUR) | M60: NB! Company employees' working expenses are eligible only when working in the target country or in Finland, or in some exceptions in another country relevant to the project.
D61: 2.5 Company employees / experts * | E61: 1 | K61: =I61*J61 -> 0 | M61: Own personnel's working expense/day is calculated from the monthly regular salary shown in the employee’s valid employment contract and paycheck as follows:
D62: Max 500 € / day | E62: =E61+1 -> 2 | K62: =I62*J62 -> 0 | M62: (monthly salary + employer contributions + provision for holiday pay) / 21 (21 being the average number of working days in a month).
E63: 3 | K63: =I63*J63 -> 0 | M63: As the divisor is 21, only work done in the project country during weekdays (Mon-Fri) can be approved.
E64: 4 | K64: =I64*J64 -> 0
E65: 5 | K65: =I65*J65 -> 0
E66: 6 | K66: =I66*J66 -> 0
E67: 7 | K67: =I67*J67 -> 0
E68: 8 | K68: =I68*J68 -> 0
J69: Sub-total | K69: =+SUM(K61:K68) -> 0
D70: 2.6 External expert | E70: 1 | K70: =I70*J70 -> 0 | M70: E.g. consultancy related to target country and project expertise, legal issues, interpretation and translation fees.
D71: Junior expert max 520 € / day | E71: =E70+1 -> 2 | K71: =I71*J71 -> 0 | M71: Work done by an external expert must be specified in the reimbursement request phase, as per the instructions for completing the reimbursement request.
D72: Senior expert max 910 € / day | E72: =E71+1 -> 3 | K72: =I72*J72 -> 0 | M72: The work of an external (senior) expert can be supported up to 910 €/day (or equivalently 113,75 €/hour).
E73: =E72+1 -> 4 | K73: =I73*J73 -> 0 | M73: All costs must be compatible with the criteria for the business partnership support.
E74: =E73+1 -> 5 | K74: =I74*J74 -> 0
E75: =E74+1 -> 6 | K75: =I75*J75 -> 0
E76: =E75+1 -> 7 | K76: =I76*J76 -> 0
E77: =E76+1 -> 8 | K77: =I77*J77 -> 0
J78: Sub-total | K78: =+SUM(K70:K77) -> 0
D79: *) Working days incurred by applicant's employee in the target country or another country relevant to the project (Note! Weekdays only, i.e. Mon to Fri). | I79: TOTAL EXPERT EXPENSES | K79: =+SUM(K78,K69) -> 0
D80: Working expense/day for the applicant's own emloyees is calculated from the salary based in the employee's valid employment contract and paycheck as follows:
D81: (monthly salary + employer contributions + provision for holiday pay) / 21 (21 being the average number of working days in a month).
D83: Other valid expenses* | F83: Action or objective (please specify!) | I83: Cost per day (EUR) | J83: Number of days | K83: Cost (EUR) | M83: E.g. Project audit costs, road tolls, visa fees, payments to the public authorities, vaccinations and other medical expenses that are necessary considering the target country conditions (malaria, typhoid etc.).
E84: 1 | K84: =I84*J84 -> 0
E85: =E84+1 -> 2 | K85: =I85*J85 -> 0
E86: 3 | K86: =I86*J86 -> 0
E87: 4 | K87: =I87*J87 -> 0
E88: 5 | K88: =I88*J88 -> 0
E89: 6 | K89: =I89*J89 -> 0
E90: 7 | K90: =I90*J90 -> 0
E91: 8 | K91: =I91*J91 -> 0
D92: *) Please read carefully the instructions on types of acceptable expenses which are available on Finnpartnership's website (terms of facility and FAQ). | I92: TOTAL OTHER EXPENSES | K92: =+SUM(K84:K91) -> 0
D95: Total feasibility study expenses | K95: =+SUM(K37,K58,K79,K92) -> 0
C97: 4. Project phase: Environmental and social impact assessment
D98: Travel expenses* | F98: Name of traveller | G98: Date of travel | H98: Method of travel | I98: From (city, country) | J98: To (city, country) | K98: Cost (EUR) | M98: Flights to the target country or another country relevant to the project as well as flights within the target country.
D99: 4.1. Air transportation | E99: 1 | K99: 0 | M99: Only economy class flight tickets are supportable.
E100: =E99+1 -> 2 | K100: 0
E101: =E100+1 -> 3 | K101: 0
E102: =E101+1 -> 4 | K102: 0
E103: =E102+1 -> 5 | K103: 0
E104: =E103+1 -> 6 | K104: 0
E105: =E104+1 -> 7 | K105: 0
E106: =E105+1 -> 8 | K106: 0
J107: Sub-total | K107: =+SUM(K99:K106) -> 0
D108: 4.2. Public transportation | E108: 1 | K108: 0 | M108: E.g. train, bus, ferry, taxi fees in the target country or rental car in the target country.
D109: No use of own car | E109: =E108+1 -> 2 | K109: 0
E110: =E109+1 -> 3 | K110: 0
E111: =E110+1 -> 4 | K111: 0
E112: =E111+1 -> 5 | K112: 0
E113: =E112+1 -> 6 | K113: 0
E114: =E113+1 -> 7 | K114: 0
E115: =E114+1 -> 8 | K115: 0
J116: Sub-total | K116: =+SUM(K108:K115) -> 0
D117: *) Travel costs will be reimbursed as per cheapest class/way of travel. | I117: TOTAL TRAVEL EXPENSES | K117: =+SUM(K116,K107) -> 0
D119: Accommodation and daily allowance expenses* | F119: Name of claimant | G119: Date(s) | H119: City and country | I119: Cost per day (EUR) | J119: Number of days | K119: Cost (EUR) | M119: Hotel accommodation expenses and daily allowances can be supported according to the Terms of Travelling expenses of the Government.
D120: 4.3. Accommodation | E120: 1 | K120: =I120*J120 -> 0
D121: E.g. hotel. | E121: =E120+1 -> 2 | K121: =I121*J121 -> 0
E122: =E121+1 -> 3 | K122: =I122*J122 -> 0
E123: =E122+1 -> 4 | K123: =I123*J123 -> 0
...

Sheet Support function project
C15: Support function project
D16: Travel expenses* | F16: Name of traveller | G16: Date of travel | H16: Method of travel | I16: From (city, country) | J16: To (city, country) | K16: Cost (EUR) | M16: Flights to the target country or another country relevant to the project as well as flights within the target country.
D17: 1.1 Air transportation | E17: 1 | K17: 0 | M17: Only economy class flight tickets are supportable.
E18: =E17+1 -> 2 | K18: 0
E19: =E18+1 -> 3 | K19: 0
E20: 4 | K20: 0
E21: 5 | K21: 0
E22: 6 | K22: 0
E23: 7 | K23: 0
E24: 8 | K24: 0
J25: Sub-total | K25: =SUM(K17:K24) -> 0
D26: 1.2 Public transportation | E26: 1 | K26: 0 | M26: E.g. train, bus, ferry, taxi fees in the target country or rental car in the target country.
D27: No use of own car | E27: =E26+1 -> 2 | K27: 0
E28: =E27+1 -> 3 | K28: 0
E29: 4 | K29: 0
E30: 5 | K30: 0
E31: 6 | K31: 0
E32: 7 | K32: 0
E33: 8 | K33: 0
J34: Sub-total | K34: =SUM(K26:K33) -> 0
D35: *) Travel costs will be reimbursed as per cheapest class/way of travel. | I35: TOTAL TRAVEL EXPENSES | K35: =+SUM(K34,K25) -> 0
D37: Accommodation and daily allowance expenses* | F37: Name of claimant | G37: Date(s) | H37: City and country | I37: Cost per day (EUR) | J37: Number of days | K37: Cost (EUR) | M37: Hotel accommodation expenses and daily allowances can be supported according to the Terms of Travelling expenses of the Government.
D38: 1.3 Accommodation | E38: 1 | K38: =I38*J38 -> 0
D39: E.g. hotel. | E39: =E38+1 -> 2 | K39: =I39*J39 -> 0
E40: =E39+1 -> 3 | K40: =I40*J40 -> 0
E41: =E40+1 -> 4 | K41: =I41*J41 -> 0
E42: =E41+1 -> 5 | K42: =I42*J42 -> 0
E43: 6 | K43: =I43*J43 -> 0
E44: 7 | K44: =I44*J44 -> 0
E45: 8 | K45: =I45*J45 -> 0
J46: Sub-total | K46: =SUM(K38:K45) -> 0
D47: 1.4 Daily allowance | E47: 1 | K47: =I47*J47 -> 0
E48: =E47+1 -> 2 | K48: =I48*J48 -> 0
E49: =E48+1 -> 3 | K49: =I49*J49 -> 0
E50: =E49+1 -> 4 | K50: =I50*J50 -> 0
E51: =E50+1 -> 5 | K51: =I51*J51 -> 0
E52: 6 | K52: =I52*J52 -> 0
E53: 7 | K53: =I53*J53 -> 0
E54: 8 | K54: =I54*J54 -> 0
J55: Sub-total | K55: =SUM(K47:K54) -> 0
D56: *) Accommodation and daily allowance costs will be reimbursed according to the effective State Travelling Regulations. | I56: TOTAL ACCOMMODATION EXPENSES | K56: =K46+K55 -> 0
D58: Expert expenses | F58: Name of expert | G58: Date(s) | H58: Action or objective | I58: Fee per day (EUR) | J58: Number of days | K58: Cost (EUR) | M58: NB! Company employees' working expenses are eligible only when working in the target country or in Finland, or in some exceptions in another country relevant to the project.
D59: 1.5 Company employees / experts * | E59: 1 | K59: =SUM(I59*J59) -> 0 | M59: Own personnel's working expense/day is calculated from the monthly regular salary shown in the employee’s valid employment contract and paycheck as follows:
D60: Max 500 € / day | E60: =E59+1 -> 2 | K60: =SUM(I60*J60) -> 0 | M60: (monthly salary + employer contributions + provision for holiday pay) / 21 (21 being the average number of working days in a month).
E61: =E60+1 -> 3 | K61: =SUM(I61*J61) -> 0 | M61: As the divisor is 21, only work done in the project country during weekdays (Mon-Fri) can be approved.
E62: =E61+1 -> 4 | K62: =SUM(I62*J62) -> 0
E63: =E62+1 -> 5 | K63: =SUM(I63*J63) -> 0
E64: 6 | K64: =SUM(I64*J64) -> 0
E65: 7 | K65: =SUM(I65*J65) -> 0
E66: 8 | K66: =SUM(I66*J66) -> 0
J67: Sub-total | K67: =SUM(K59:K66) -> 0
D68: 1.6 External expert | E68: 1 | K68: =I68*J68 -> 0 | M68: E.g. consultancy related to target country and project expertise, legal issues, interpretation and translation fees.
D69: Junior expert max 520 € / day | E69: =E68+1 -> 2 | K69: =I69*J69 -> 0 | M69: Work done by an external expert must be specified in the reimbursement request phase, as per the instructions for completing the reimbursement request.
D70: Senior expert max 910 € / day | E70: =E69+1 -> 3 | K70: =I70*J70 -> 0 | M70: The work of an external (senior) expert can be supported up to 910 €/day (or equivalently 113,75 €/hour).
E71: =E70+1 -> 4 | K71: =I71*J71 -> 0 | M71: All costs must be compatible with the criteria for the business partnership support.
E72: =E71+1 -> 5 | K72: =I72*J72 -> 0
E73: 6 | K73: =I73*J73 -> 0
E74: 7 | K74: =I74*J74 -> 0
E75: 8 | K75: =I75*J75 -> 0
J76: Sub-total | K76: =SUM(K68:K75) -> 0
D77: *) Working days incurred by applicant's employee in the target country or another country relevant to the project (Note! Weekdays only, i.e. Mon to Fri). | I77: TOTAL EXPERT EXPENSES | K77: =K67+K76 -> 0
D78: Working expense/day for the applicant's own emloyees is calculated from the salary based in the employee's valid employment contract and paycheck as follows:
D79: (monthly salary + employer contributions + provision for holiday pay) / 21 (21 being the average number of working days in a month).
D81: Other valid expenses* | F81: Action or objective (please specify!) | I81: Cost per day (EUR) | J81: Number of days | K81: Cost (EUR) | M81: E.g. Project audit costs, road tolls, visa fees, payments to the public authorities, vaccinations and other medical expenses that are necessary considering the target country conditions (malaria, typhoid etc.).
E82: 1 | K82: =I82*J82 -> 0
E83: =E82+1 -> 2 | K83: =I83*J83 -> 0
E84: =E83+1 -> 3 | K84: =I84*J84 -> 0
E85: 4 | K85: =I85*J85 -> 0
E86: 5 | K86: =I86*J86 -> 0
E87: 6 | K87: =I87*J87 -> 0
E88: 7 | K88: =I88*J88 -> 0
E89: 8 | K89: =I89*J89 -> 0
D90: *) Please read carefully the instructions on types of acceptable expenses which are available on Finnpartnership's website (terms of facility and FAQ). | I90: TOTAL OTHER EXPENSES | K90: =SUM(K82:K89) -> 0
D93: Total expenses | K93: =+SUM(K35,K56,K77,K90) -> 0
C96: TOTAL EXPENSES
D98: Support function project | K98: =K93 -> 0

Sheet Innovation funding
C16: 1. Project phase: Partner identification
D17: Travel expenses* | F17: Name of traveller | G17: Date of travel | H17: Method of travel | I17: From (city, country) | J17: To (city, country) | K17: Cost (EUR) | M17: Flights to the target country or another country relevant to the project as well as flights within the target country.
D18: 1.1 Air transportation | E18: 1 | K18: 0 | M18: Only economy class flight tickets are supportable.
E19: =E18+1 -> 2 | K19: 0
E20: =E19+1 -> 3 | K20: 0
E21: 4 | K21: 0
E22: 5 | K22: 0
E23: 6 | K23: 0
E24: 7 | K24: 0
E25: 8 | K25: 0
J26: Sub-total | K26: =SUM(K18:K25) -> 0
D27: 1.2 Public transportation | E27: 1 | K27: 0 | M27: E.g. train, bus, ferry, taxi fees in the target country or rental car in the target country.
D28: No use of own car | E28: =E27+1 -> 2 | K28: 0
E29: =E28+1 -> 3 | K29: 0
E30: 4 | K30: 0
E31: 5 | K31: 0
E32: 6 | K32: 0
E33: 7 | K33: 0
E34: 8 | K34: 0
J35: Sub-total | K35: =SUM(K27:K34) -> 0
D36: *) Travel costs will be reimbursed as per cheapest class/way of travel. | I36: TOTAL TRAVEL EXPENSES | K36: =+SUM(K35,K26) -> 0
D38: Accommodation and daily allowance expenses* | F38: Name of claimant | G38: Date(s) | H38: City and country | I38: Cost per day (EUR) | J38: Number of days | K38: Cost (EUR) | M38: Hotel accommodation expenses and daily allowances can be supported according to the Terms of Travelling expenses of the Government.
D39: 1.3 Accommodation | E39: 1 | K39: =I39*J39 -> 0
D40: E.g. hotel. | E40: =E39+1 -> 2 | K40: =I40*J40 -> 0
E41: =E40+1 -> 3 | K41: =I41*J41 -> 0
E42: =E41+1 -> 4 | K42: =I42*J42 -> 0
E43: =E42+1 -> 5 | K43: =I43*J43 -> 0
E44: 6 | K44: =I44*J44 -> 0
E45: 7 | K45: =I45*J45 -> 0
E46: 8 | K46: =I46*J46 -> 0
J47: Sub-total | K47: =SUM(K39:K46) -> 0
D48: 1.4 Daily allowance | E48: 1 | K48: =I48*J48 -> 0
E49: =E48+1 -> 2 | K49: =I49*J49 -> 0
E50: =E49+1 -> 3 | K50: =I50*J50 -> 0
E51: =E50+1 -> 4 | K51: =I51*J51 -> 0
E52: =E51+1 -> 5 | K52: =I52*J52 -> 0
E53: 6 | K53: =I53*J53 -> 0
E54: 7 | K54: =I54*J54 -> 0
E55: 8 | K55: =I55*J55 -> 0
J56: Sub-total | K56: =SUM(K48:K55) -> 0
D57: *) Accommodation and daily allowance costs will be reimbursed according to the effective State Travelling Regulations. | I57: TOTAL ACCOMMODATION EXPENSES | K57: =+SUM(K56,K47) -> 0
D59: Expert expenses | F59: Name of expert | G59: Date(s) | H59: Action or objective | I59: Fee per day (EUR) | J59: Number of days | K59: Cost (EUR) | M59: NB! Company employees' working expenses are eligible only when working in the target country or in Finland, or in some exceptions in another country relevant to the project.
D60: 1.5 Company employees / experts * | E60: 1 | K60: =SUM(I60*J60) -> 0 | M60: Own personnel's working expense/day is calculated from the monthly regular salary shown in the employee’s valid employment contract and paycheck as follows:
D61: Max 500 € / day | E61: =E60+1 -> 2 | K61: =SUM(I61*J61) -> 0 | M61: (monthly salary + employer contributions + provision for holiday pay) / 21 (21 being the average number of working days in a month).
E62: =E61+1 -> 3 | K62: =SUM(I62*J62) -> 0 | M62: As the divisor is 21, only work done in the project country during weekdays (Mon-Fri) can be approved.
E63: =E62+1 -> 4 | K63: =SUM(I63*J63) -> 0
E64: =E63+1 -> 5 | K64: =SUM(I64*J64) -> 0
E65: 6 | K65: =SUM(I65*J65) -> 0
E66: 7 | K66: =SUM(I66*J66) -> 0
E67: 8 | K67: =SUM(I67*J67) -> 0
J68: Sub-total | K68: =SUM(K60:K67) -> 0
D69: 1.6 External expert | E69: 1 | K69: =I69*J69 -> 0 | M69: E.g. consultancy related to target country and project expertise, legal issues, interpretation and translation fees.
D70: Junior expert max 520 € / day | E70: =E69+1 -> 2 | K70: =I70*J70 -> 0 | M70: Work done by an external expert must be specified in the reimbursement request phase, as per the instructions for completing the reimbursement request.
D71: Senior expert max 910 € / day | E71: =E70+1 -> 3 | K71: =I71*J71 -> 0 | M71: The work of an external (senior) expert can be supported up to 910 €/day (or equivalently 113,75 €/hour).
E72: =E71+1 -> 4 | K72: =I72*J72 -> 0 | M72: All costs must be compatible with the criteria for the business partnership support.
E73: =E72+1 -> 5 | K73: =I73*J73 -> 0 | M73: Include the project's Innovation partner fees in External expert fees
E74: 6 | K74: =I74*J74 -> 0
E75: 7 | K75: =I75*J75 -> 0
E76: 8 | K76: =I76*J76 -> 0
J77: Sub-total | K77: =SUM(K69:K76) -> 0
D78: *) Working days incurred by applicant's employee in the target country or another country relevant to the project (Note! Weekdays only, i.e. Mon to Fri). | I78: TOTAL EXPERT EXPENSES | K78: =+SUM(K77,K68) -> 0
D79: Working expense/day for the applicant's own emloyees is calculated from the salary based in the employee's valid employment contract and paycheck as follows:
D80: (monthly salary + employer contributions + provision for holiday pay) / 21 (21 being the average number of working days in a month).
D82: Other valid expenses* | F82: Action or objective (please specify!) | I82: Cost per day (EUR) | J82: Number of days | K82: Cost (EUR) | M82: E.g. Project audit costs, road tolls, visa fees, payments to the public authorities, vaccinations and other medical expenses that are necessary considering the target country conditions (malaria, typhoid etc.).
E83: 1 | K83: =I83*J83 -> 0
E84: =E83+1 -> 2 | K84: =I84*J84 -> 0
E85: =E84+1 -> 3 | K85: =I85*J85 -> 0
E86: 4 | K86: =I86*J86 -> 0
E87: 5 | K87: =I87*J87 -> 0
E88: 6 | K88: =I88*J88 -> 0
E89: 7 | K89: =I89*J89 -> 0
E90: 8 | K90: =I90*J90 -> 0
D91: *) Please read carefully the instructions on types of acceptable expenses which are available on Finnpartnership's website (terms of facility and FAQ). | I91: TOTAL OTHER EXPENSES | K91: =SUM(K83:K90) -> 0
D94: Total partner identification expenses | K94: =+SUM(K36,K57,K78,K91) -> 0
C96: 2. Project phase: Feasibility study
D97: Travel expenses* | F97: Name of traveller | G97: Date of travel | H97: Method of travel | I97: From (city, country) | J97: To (city, country) | K97: Cost (EUR) | M97: Flights to the target country or another country relevant to the project as well as flights within the target country.
D98: 2.1. Air transportation | E98: 1 | K98: 0 | M98: Only economy class flight tickets are supportable.
E99: =E98+1 -> 2 | K99: 0
E100: 3 | K100: 0
E101: 4 | K101: 0
E102: 5 | K102: 0
E103: 6 | K103: 0
E104: 7 | K104: 0
E105: 8 | K105: 0
J106: Sub-total | K106: =+SUM(K98:K105) -> 0
D107: 2.2. Public transportation | E107: 1 | K107: 0 | M107: E.g. train, bus, ferry, taxi fees in the target country or rental car in the target country.
D108: No use of own car | E108: =E107+1 -> 2 | K108: 0
E109: =E108+1 -> 3 | K109: 0
E110: 4 | K110: 0
E111: 5 | K111: 0
E112: 6 | K112: 0
E113: 7 | K113: 0
E114: 8 | K114: 0
J115: Sub-total | K115: =+SUM(K107:K114) -> 0
D116: =D36 -> *) Travel costs will be reimbursed as per cheapest class/way of travel. | I116: =I36 -> TOTAL TRAVEL EXPENSES | K116: =+SUM(K115,K106) -> 0
D118: Accommodation and daily allowance expenses* | F118: Name of claimant | G118: Date(s) | H118: City and country | I118: Cost per day (EUR) | J118: Number of days | K118: Cost (EUR) | M118: Hotel accommodation expenses and daily allowances can be supported according to the Terms of Travelling expenses of the Government.
D119: 2.3. Accommodation | E119: 1 | K119: =I119*J119 -> 0
D120: =D40 -> E.g. hotel. | E120: =E119+1 -> 2 | K120: =I120*J120 -> 0
E121: =E120+1 -> 3 | K121: =I121*J121 -> 0
E122: =E121+1 -> 4 | K122: =I122*J122 -> 0
...
